Penguins vs Stars (R1)

Created - March 18, 2018 at 21:40

Goals
1 2 3 T
Penguins 0 0 1 1
Stars 0 2 1 3
Shots
1 2 3 T
Penguins 8 6 9 23
Stars 5 9 14 28

1st period

No Goal

Penalties :
Steven Stamkos (Pit) for Hooking (Minor) at 5:19, Patrick Marleau (Pit) for Holding (Minor) at 9:03, Steven Stamkos (Pit) for Cross-checking (Minor) at 13:15, Michael Frolik (Dal) for Roughing (Minor) at 16:35

2nd period

1. Stars , Brian Lee 12 (Evgeny Grachev 10) at 5:47
2. Stars , John Tavares 36 (Michael Frolik 44, Andrei Markov 15) at 6:05

Penalties :
Riley Armstrong (Pit) for Roughing (Minor) at 8:57, Max Pacioretty (Pit) for Charging (Minor) at 16:07

3rd period

3. Penguins , Andrew Cogliano 23 (Bobby Ryan 51, Steven Stamkos 69) at 15:23
4. Stars , Michal Handzus 6 (Raphael Diaz 11) at 19:15 (Empty Net)

Penalties :
Keith Aulie (Pit) for Tripping (Minor) at 10:03, John Tavares (Dal) for Hooking (Minor) at 15:48, Duncan Keith (Pit) for Tripping (Minor) at 19:44

Goalie Stats

Brian Elliott (Pit), 25 saves from 27 shots - (0.926), L, 28-19-7, 59:31 minutes
Pascal Leclaire (Dal), 22 saves from 23 shots - (0.957), W, 27-21-3, 60:00 minutes

Players Stats for Penguins

Player Name              G  A  P  +/- PIM S  H  SB GA TA FO     MP     PP MP  PK MP  
------------------------------------------------------------------------------------
Andrew Cogliano          1  0  1  -1  0   1  0  1  1  0  6/9    22:23   2:08   6:13 
Bobby Ryan               0  1  1  -1  0   1  2  1  0  0  0/0    16:07   2:08   0:00 
D.J King                 0  0  0   0  0   0  0  1  0  0  0/0    11:48   0:00   5:01 
Dion Phaneuf             0  0  0  -2  0   0  1  2  0  2  0/0    26:56   2:21   6:48 
Dominic Moore            0  0  0   0  0   0  1  0  0  0  4/11   14:38   0:29   3:48 
Duncan Keith             0  0  0  -1  2   0  0  1  1  1  0/0    21:46   1:37   4:58 
Eric Gryba               0  0  0   1  0   0  0  0  0  1  0/0    11:17   0:00   0:23 
Keith Aulie              0  0  0  -1  2   3  2  1  0  1  0/0    21:22   1:37   4:27 
Max Pacioretty           0  0  0  -1  2   3  3  0  1  0  0/0    14:18   1:50   0:11 
Patrick Marleau          0  0  0   0  2   0  1  0  0  0  0/0    10:17   0:00   0:25 
Paul Ranger              0  0  0   1  0   0  1  3  0  0  0/0    11:48   0:00   0:54 
Radim Vrbata             0  0  0   0  0   3  0  0  0  0  0/2    17:23   0:00   6:32 
Riley Armstrong          0  0  0   0  2   3  0  0  0  0  1/2     6:27   0:00   0:00 
Ryan Callahan            0  0  0   0  0   0  1  1  0  1  0/0     6:10   0:00   0:00 
Sam Gagner               0  0  0  -1  0   4  2  0  0  0  4/10   17:02   1:34   2:08 
Sean Zimmerman           0  0  0  -2  0   0  1  3  1  2  0/0    26:56   2:21   6:48 
Steve Downie             0  0  0  -1  0   1  1  0  0  1  1/1    13:45   1:50   0:00 
Steven Stamkos           0  1  1  -1  4   4  0  1  0  1  12/21  17:21   1:55   0:00 

Players Stats for Stars

Player Name              G  A  P  +/- PIM S  H  SB GA TA FO     MP     PP MP  PK MP  
------------------------------------------------------------------------------------
Andrei Markov            0  1  1   1  0   1  1  0  0  1  0/0    20:09   5:07   1:46 
Brian Lee                1  0  1   1  0   3  1  1  0  1  0/0    25:33   7:02   2:12 
Daniel Cleary            0  0  0   0  0   1  2  0  1  0  0/0    11:31   0:00   0:00 
Drew Fata                0  0  0   0  0   0  1  0  0  0  0/0    15:19   0:00   2:12 
Dustin Penner            0  0  0   2  0   3  1  0  1  0  0/0    10:28   0:01   1:34 
Evgeny Artyukhin         0  0  0   0  0   0  2  0  0  0  0/0    16:35   5:18   1:14 
Evgeny Grachev           0  1  1   1  0   2  0  0  2  0  3/6     9:29   0:00   0:53 
John Tavares             1  0  1   1  2   6  1  1  2  0  17/30  20:52   6:51   0:12 
Johnny Oduya             0  0  0   1  0   0  3  2  0  0  0/0    24:32   7:02   0:00 
Jussi Jokinen            0  0  0   0  0   1  1  0  0  1  0/0    16:31   6:51   0:15 
Matt Cooke               0  0  0  -1  0   2  0  1  1  0  0/1    11:17   0:00   0:00 
Michael Frolik           0  1  1   1  2   3  2  0  1  0  0/0    20:34   6:51   0:00 
Michal Handzus           1  0  1   0  0   2  0  1  0  0  4/11   13:16   0:00   1:45 
Patrick Eaves            0  0  0   1  0   1  2  0  0  0  0/0     8:36   0:00   0:00 
Raphael Diaz             0  1  1   0  0   0  1  0  0  0  0/0    15:01   0:00   1:46 
Scott Hartnell           0  0  0   1  0   0  0  0  1  1  0/1    21:41   5:18   2:03 
Trevor Daley             0  0  0   1  0   2  1  0  1  0  0/0    19:26   5:07   0:00 
Tyler Seguin             0  0  0   0  0   1  1  1  0  0  4/7    15:10   5:17   0:00 

3 Stars

1 - Brian Lee (Dal)
2 - Pascal Leclaire (Dal)
3 - Michal Handzus (Dal)

Power Play

Penguins - 0 on 2 Attempt(s) - 0.00%
Stars - 0 on 7 Attempt(s) - 0.00%

Penalty Kill

Penguins - 7 on 7 Attempt(s) - 100.00% - Score 0 goal in Penalty Kill
Stars - 2 on 2 Attempt(s) - 100.00% - Score 0 goal in Penalty Kill

Team Stat

Penguins - Hits : 16 - Faceoff Wins : 28 - Blocked Shots : 15 - Penalty Minutes : 14
Stars - Hits : 20 - Faceoff Wins : 28 - Blocked Shots : 7 - Penalty Minutes : 4

Official

Referees : Leggo Mike and Walkom Stephen
Linesman : Scott Driscoll and Steve Barton

Game Notes

15:23 of 3rd period - Penguins goal is going for a video replay. After video review, Goal.
Michal Handzus has scored in a empty net!

Finance

Level 1 -- Attendance: 6000 (100.00%) -- Ticket Income $432,000
Level 2 -- Attendance: 3883 (77.66%) -- Ticket Income $232,980
Level 3 -- Attendance: 1304 (65.20%) -- Ticket Income $65,200
Level 4 -- Attendance: 2165 (54.13%) -- Ticket Income $82,270
Luxury Box -- Attendance: 1000 (100.00%) -- Ticket Income $110,000
Game was played at the American Airlines Center.
Total Attendance: 14352 (79.73%)
Total Ticket Income: $922,450
Other Income: $138,368
Total Income: $1,060,818

Penguins

5 vs 5 Forward 
   Center                   Left Wing                Right Wing               Time % Phy DF OF 
 1 Steven Stamkos           Andrew Cogliano          Bobby Ryan               40     0   2  3  
 2 Sam Gagner               Max Pacioretty           Steve Downie             30     0   2  3  
 3 Dominic Moore            Patrick Marleau          Radim Vrbata             20     0   2  3  
 4 Riley Armstrong          D.J King                 Ryan Callahan            10     0   2  3  

5 vs 5 Defense 
   Defense                  Defense                                           Time % Phy DF OF 
 1 Sean Zimmerman           Dion Phaneuf                                      44     0   3  2  
 2 Duncan Keith             Keith Aulie                                       33     0   3  2  
 3 Paul Ranger              Eric Gryba                                        23     0   3  2  
 4 Dion Phaneuf             Sean Zimmerman                                    0      0   3  2  

PowerPlay Forward 
   Center                   Left Wing                Right Wing               Time % Phy DF OF 
 1 Steven Stamkos           Andrew Cogliano          Bobby Ryan               60     0   1  4  
 2 Sam Gagner               Max Pacioretty           Steve Downie             40     0   1  4  

PowerPlay Defense
   Defense                  Defense                                           Time % Phy DF OF 
 1 Sean Zimmerman           Dion Phaneuf                                      60     0   2  3  
 2 Duncan Keith             Keith Aulie                                       40     0   2  3  

Penalty Kill 4 Players Forward 
   Center                   Wing                     Time % Phy DF OF 
 1 Andrew Cogliano          Radim Vrbata             60     0   4  1  
 2 Dominic Moore            D.J King                 40     0   4  1  

Penalty Kill 4 Players Defense
   Defense                  Defense                  Time % Phy DF OF 
 1 Sean Zimmerman           Dion Phaneuf             60     0   4  1  
 2 Duncan Keith             Keith Aulie              40     0   4  1  

Penalty Kill - 3 Players Forward 
   Forward                                           Time % Phy DF OF 
 1 Andrew Cogliano                                   60     0   4  1  
 2 Dominic Moore                                     40     0   4  1  

Penalty Kill - 3 Players Defense
   Defense                  Defense                  Time % Phy DF OF 
 1 Sean Zimmerman           Dion Phaneuf             60     0   4  1  
 2 Duncan Keith             Keith Aulie              40     0   4  1  

4 vs 4 Forward 
   Center                   Wing                     Time % Phy DF OF 
 1 Steven Stamkos           Bobby Ryan               60     0   2  3  
 2 Sam Gagner               Max Pacioretty           40     0   2  3  

4 vs 4 Defense
   Defense                  Defense                  Time % Phy DF OF 
 1 Sean Zimmerman           Dion Phaneuf             60     0   3  2  
 2 Duncan Keith             Keith Aulie              40     0   3  2  

Last Minutes Offensive
   Center                   Left Wing                Right Wing               Defense                  Defense                  
   Steven Stamkos           Andrew Cogliano          Bobby Ryan               Sean Zimmerman           Dion Phaneuf             

Last Minutes Defensive
   Center                   Left Wing                Right Wing               Defense                  Defense                  
   Dominic Moore            Andrew Cogliano          Bobby Ryan               Sean Zimmerman           Dion Phaneuf             

Goaltenders
Starting : Brian Elliott            
Backup : Josh Tordjman            

Extra Forwards
Normal : Steven Stamkos, Sam Gagner, Dominic Moore - PP : Steven Stamkos, Sam Gagner - PK : Dominic Moore
Extra Defensemen
Normal : Sean Zimmerman, Duncan Keith, Eric Gryba - PP : Paul Ranger - PK : Dion Phaneuf, Duncan Keith
Penalty Shots
Steven Stamkos, Max Pacioretty, Andrew Cogliano, Bobby Ryan, Ryan Callahan

Scratches
None

Stars

5 vs 5 Forward 
   Center                   Left Wing                Right Wing               Time % Phy DF OF 
 1 John Tavares             Scott Hartnell           Michael Frolik           39     0   2  3  
 2 Tyler Seguin             Jussi Jokinen            Evgeny Artyukhin         27     0   2  3  
 3 Michal Handzus           Matt Cooke               Daniel Cleary            20     1   2  2  
 4 Evgeny Grachev           Dustin Penner            Patrick Eaves            14     1   2  2  

5 vs 5 Defense 
   Defense                  Defense                                           Time % Phy DF OF 
 1 Johnny Oduya             Brian Lee                                         40     1   2  2  
 2 Trevor Daley             Andrei Markov                                     30     1   2  2  
 3 Raphael Diaz             Drew Fata                                         30     1   2  2  
 4 Johnny Oduya             Brian Lee                                         0      1   2  2  

PowerPlay Forward 
   Center                   Left Wing                Right Wing               Time % Phy DF OF 
 1 John Tavares             Jussi Jokinen            Michael Frolik           60     0   1  4  
 2 Tyler Seguin             Scott Hartnell           Evgeny Artyukhin         40     0   1  4  

PowerPlay Defense
   Defense                  Defense                                           Time % Phy DF OF 
 1 Johnny Oduya             Brian Lee                                         60     0   2  3  
 2 Trevor Daley             Andrei Markov                                     40     0   2  3  

Penalty Kill 4 Players Forward 
   Center                   Wing                     Time % Phy DF OF 
 1 Michal Handzus           Scott Hartnell           60     1   3  1  
 2 Evgeny Grachev           Dustin Penner            40     1   3  1  

Penalty Kill 4 Players Defense
   Defense                  Defense                  Time % Phy DF OF 
 1 Brian Lee                Drew Fata                60     0   3  2  
 2 Raphael Diaz             Andrei Markov            40     0   3  2  

Penalty Kill - 3 Players Forward 
   Forward                                           Time % Phy DF OF 
 1 Scott Hartnell                                    60     1   4  0  
 2 Michal Handzus                                    40     1   4  0  

Penalty Kill - 3 Players Defense
   Defense                  Defense                  Time % Phy DF OF 
 1 Johnny Oduya             Brian Lee                60     1   4  0  
 2 Trevor Daley             Andrei Markov            40     1   4  0  

4 vs 4 Forward 
   Center                   Wing                     Time % Phy DF OF 
 1 Trevor Daley             Scott Hartnell           60     1   2  2  
 2 Jussi Jokinen            Michael Frolik           40     1   2  2  

4 vs 4 Defense
   Defense                  Defense                  Time % Phy DF OF 
 1 Johnny Oduya             Brian Lee                60     1   2  2  
 2 Trevor Daley             Andrei Markov            40     1   2  2  

Last Minutes Offensive
   Center                   Left Wing                Right Wing               Defense                  Defense                  
   John Tavares             Scott Hartnell           Michael Frolik           Trevor Daley             Brian Lee                

Last Minutes Defensive
   Center                   Left Wing                Right Wing               Defense                  Defense                  
   Michal Handzus           Scott Hartnell           Daniel Cleary            Johnny Oduya             Drew Fata                

Goaltenders
Starting : Pascal Leclaire          
Backup : Mike Brodeur             

Extra Forwards
Normal : Michal Handzus, Dustin Penner, Michael Frolik - PP : Evgeny Artyukhin, Dustin Penner - PK : Evgeny Artyukhin
Extra Defensemen
Normal : Raphael Diaz, Drew Fata, Trevor Daley - PP : Raphael Diaz - PK : Drew Fata, Trevor Daley
Penalty Shots
John Tavares, Michael Frolik, Tyler Seguin, Michal Handzus, Evgeny Artyukhin

Scratches
Jamie Langenbrunner (Healthy)

% Time on Ice - Penguins

Lines # - Real PCT - Wanted PCT - Time Play
Normal Forward
1 - 35% - 40% - 15:26
2 - 28% - 30% - 12:13
3 - 22% - 20% - 9:40
4 - 14% - 10% - 6:10
Normal Defense
1 - 40% - 44% - 17:23
2 - 36% - 33% - 15:29
3 - 24% - 23% - 10:37
4 - 0% - 0% - 0:00
PP Forward
1 - 54% - 60% - 2:08
2 - 46% - 40% - 1:50
PP Defense
1 - 59% - 60% - 2:21
2 - 41% - 40% - 1:37
PK Forward
1 - 71% - 60% - 8:39
2 - 29% - 40% - 3:30
PK Defense
1 - 56% - 60% - 6:48
2 - 44% - 40% - 5:21
PK3 Forward
1 - 0% - 60%
2 - 0% - 40%
PK3 Defense
1 - 0% - 60%
2 - 0% - 40%
44 Forward
1 - 0% - 60%
2 - 0% - 40%
44 Defense
1 - 0% - 60%
2 - 0% - 40%
Last Minute Offensive  - 0:24
Last Minute Defensive  - 0:00
Total
Forward - 60:00
Defense - 60:00

% Time on Ice - Stars

Lines # - Real PCT - Wanted PCT - Time Play
Normal Forward
1 - 32% - 39% - 13:51
2 - 23% - 27% - 9:55
3 - 26% - 20% - 11:17
4 - 20% - 14% - 8:36
Normal Defense
1 - 40% - 40% - 17:30
2 - 30% - 30% - 13:16
3 - 30% - 30% - 12:53
4 - 0% - 0% - 0:00
PP Forward
1 - 56% - 60% - 6:51
2 - 44% - 40% - 5:18
PP Defense
1 - 58% - 60% - 7:02
2 - 42% - 40% - 5:07
PK Forward
1 - 78% - 60% - 3:05
2 - 22% - 40% - 0:53
PK Defense
1 - 55% - 60% - 2:12
2 - 45% - 40% - 1:46
PK3 Forward
1 - 0% - 60%
2 - 0% - 40%
PK3 Defense
1 - 0% - 60%
2 - 0% - 40%
44 Forward
1 - 0% - 60%
2 - 0% - 40%
44 Defense
1 - 0% - 60%
2 - 0% - 40%
Last Minute Offensive  - 0:00
Last Minute Defensive  - 0:14
Total
Forward - 60:00
Defense - 60:00

Play by Play

1st period


0:01 of 1st period - Steven Stamkos wins face-off versus John Tavares in neutral zone.
0:10 of 1st period - Johnny Oduya is hit by Bobby Ryan and loses puck.
0:27 of 1st period - Brian Lee is hit by Max Pacioretty and loses puck.
0:34 of 1st period - Slapshot by Sam Gagner.
0:34 of 1st period - Stopped by Pascal Leclaire with a rebound.
1:22 of 1st period - Trevor Daley is hit by Ryan Callahan.
1:34 of 1st period - Wrist shot by Tyler Seguin.
1:34 of 1st period - Shot Blocked by Ryan Callahan.
1:42 of 1st period - Wrist shot by Jussi Jokinen.
1:42 of 1st period - Shot Blocked by D.J King.
2:08 of 1st period - Backhand shot by Bobby Ryan.
2:08 of 1st period - Shot Misses the Net.
2:37 of 1st period - Icing by Michal Handzus.
2:38 of 1st period - Evgeny Grachev wins face-off versus Dominic Moore in Stars zone.
3:25 of 1st period - Slapshot by Andrew Cogliano.
3:25 of 1st period - Shot Misses the Net.
4:13 of 1st period - Sean Zimmerman is hit by Patrick Eaves and loses puck.
4:36 of 1st period - Off-side.
4:37 of 1st period - John Tavares wins face-off versus Sam Gagner in neutral zone.
5:11 of 1st period - Snap shot by Tyler Seguin.
5:11 of 1st period - Shot Blocked by Paul Ranger.
5:13 of 1st period - Snap shot by Evgeny Artyukhin.
5:13 of 1st period - Shot Misses the Net.
5:19 of 1st period - Minor Penalty to Steven Stamkos for Hooking.
5:20 of 1st period - Andrew Cogliano wins face-off versus John Tavares in Penguins zone.
7:04 of 1st period - Brian Lee is hit by Sam Gagner and loses puck.
7:19 of 1st period - Penalty to Steven Stamkos is over, Steven Stamkos is back on ice.
8:23 of 1st period - Max Pacioretty is hit by Raphael Diaz and loses puck.
9:03 of 1st period - Minor Penalty to Patrick Marleau for Holding.
9:04 of 1st period - John Tavares wins face-off versus Andrew Cogliano in Penguins zone.
9:07 of 1st period - Snap shot by Michael Frolik.
9:07 of 1st period - Shot Blocked by Andrew Cogliano.
9:47 of 1st period - Slapshot by Brian Lee.
9:47 of 1st period - Stopped by Brian Elliott with a rebound.
11:03 of 1st period - Penalty to Patrick Marleau is over, Patrick Marleau is back on ice.
11:21 of 1st period - Snap shot by Matt Cooke.
11:21 of 1st period - Shot Blocked by Paul Ranger.
11:44 of 1st period - Sean Zimmerman is hit by Patrick Eaves and loses puck.
12:17 of 1st period - John Tavares is hit by Paul Ranger and loses puck.
12:44 of 1st period - Sam Gagner is hit by Drew Fata and loses puck.
13:07 of 1st period - Snap shot by Patrick Eaves.
13:07 of 1st period - Shot Blocked by Sean Zimmerman.
13:09 of 1st period - Slapshot by Andrei Markov.
13:09 of 1st period - Deflect By Patrick Eaves.
13:09 of 1st period - Stopped by Brian Elliott with a rebound.
13:15 of 1st period - Minor Penalty to Steven Stamkos for Cross-checking.
13:16 of 1st period - John Tavares wins face-off versus Radim Vrbata in Penguins zone.
13:21 of 1st period - Snap shot by Michael Frolik.
13:21 of 1st period - Stopped by Brian Elliott without a rebound.
13:22 of 1st period - Andrew Cogliano wins face-off versus John Tavares in Penguins zone.
14:05 of 1st period - Slapshot by Brian Lee.
14:05 of 1st period - Stopped by Brian Elliott with a rebound.
15:02 of 1st period - Icing by John Tavares.
15:03 of 1st period - John Tavares wins face-off versus Sam Gagner in Stars zone.
15:15 of 1st period - Penalty to Steven Stamkos is over, Steven Stamkos is back on ice.
15:34 of 1st period - Snap shot by Steven Stamkos.
15:34 of 1st period - Stopped by Pascal Leclaire with a rebound.
15:36 of 1st period - Slapshot by Keith Aulie.
15:36 of 1st period - Stopped by Pascal Leclaire with a rebound.
16:00 of 1st period - Snap shot by Steven Stamkos.
16:00 of 1st period - Shot Misses the Net.
16:02 of 1st period - Slapshot by Steven Stamkos.
16:02 of 1st period - Shot Misses the Net.
16:04 of 1st period - Slapshot by Keith Aulie.
16:04 of 1st period - Stopped by Pascal Leclaire with a rebound.
16:18 of 1st period - Snap shot by Sam Gagner.
16:18 of 1st period - Stopped by Pascal Leclaire with a rebound.
16:20 of 1st period - Backhand shot by Steven Stamkos.
16:20 of 1st period - Stopped by Pascal Leclaire with a rebound.
16:22 of 1st period - Wrist shot by Radim Vrbata.
16:22 of 1st period - Stopped by Pascal Leclaire without a rebound.
16:23 of 1st period - John Tavares wins face-off versus Riley Armstrong in Stars zone.
16:34 of 1st period - Snap shot by Michael Frolik.
16:34 of 1st period - Shot Misses the Net.
16:35 of 1st period - Minor Penalty to Michael Frolik for Roughing.
16:36 of 1st period - Steven Stamkos wins face-off versus Michal Handzus in Stars zone.
16:37 of 1st period - Snap shot by Bobby Ryan.
16:37 of 1st period - Shot Misses the Net.
18:35 of 1st period - Penalty to Michael Frolik is over, Michael Frolik is back on ice.
18:51 of 1st period - Off-side.
18:52 of 1st period - Michal Handzus wins face-off versus Dominic Moore in neutral zone.
18:55 of 1st period - Slapshot by Trevor Daley.
18:55 of 1st period - Stopped by Brian Elliott without a rebound.
18:56 of 1st period - Dominic Moore wins face-off versus Michal Handzus in Penguins zone.
19:35 of 1st period - Wrist shot by Bobby Ryan.
19:35 of 1st period - Stopped by Pascal Leclaire with a rebound.
Goals for this period are 0 for Penguins vs 0 for Stars.
Shots for this period are 8 for Penguins vs 5 for Stars.

2nd period


0:01 of 2nd period - Steven Stamkos wins face-off versus John Tavares in neutral zone.
0:16 of 2nd period - Snap shot by Andrew Cogliano.
0:16 of 2nd period - Shot Misses the Net.
0:45 of 2nd period - Snap shot by Dustin Penner.
0:45 of 2nd period - Stopped by Brian Elliott without a rebound.
0:46 of 2nd period - Dominic Moore wins face-off versus Evgeny Grachev in Penguins zone.
0:52 of 2nd period - Sean Zimmerman is hit by Johnny Oduya and loses puck.
1:11 of 2nd period - Bobby Ryan is hit by Johnny Oduya and loses puck.
1:40 of 2nd period - Evgeny Artyukhin is hit by Keith Aulie and loses puck.
2:05 of 2nd period - Wrist shot by Patrick Marleau.
2:05 of 2nd period - Shot Misses the Net.
2:33 of 2nd period - Max Pacioretty is hit by Dustin Penner and loses puck.
2:47 of 2nd period - Icing by Paul Ranger.
2:48 of 2nd period - John Tavares wins face-off versus Sam Gagner in Penguins zone.
2:57 of 2nd period - Wrist shot by Steve Downie.
2:57 of 2nd period - Shot Misses the Net.
3:11 of 2nd period - Wrist shot by Max Pacioretty.
3:11 of 2nd period - Stopped by Pascal Leclaire without a rebound.
3:12 of 2nd period - Steven Stamkos wins face-off versus Tyler Seguin in Stars zone.
3:47 of 2nd period - Wrist shot by Riley Armstrong.
3:47 of 2nd period - Stopped by Pascal Leclaire without a rebound.
3:48 of 2nd period - John Tavares wins face-off versus Steven Stamkos in Stars zone.
4:22 of 2nd period - Wrist shot by Patrick Eaves.
4:22 of 2nd period - Shot Blocked by Dion Phaneuf.
4:24 of 2nd period - Wrist shot by Patrick Eaves.
4:24 of 2nd period - Shot Misses the Net.
4:29 of 2nd period - Dion Phaneuf is hit by Daniel Cleary and loses puck.
4:42 of 2nd period - Dominic Moore is hit by Evgeny Artyukhin.
5:08 of 2nd period - Snap shot by John Tavares.
5:08 of 2nd period - Shot Blocked by Paul Ranger.
5:47 of 2nd period - Slapshot by Brian Lee.
5:47 of 2nd period - Goal by Brian Lee - Penguins : 0 - Stars : 1.
5:48 of 2nd period - John Tavares wins face-off versus Steven Stamkos in neutral zone.
5:51 of 2nd period - Slapshot by Trevor Daley.
5:51 of 2nd period - Deflect By John Tavares.
5:51 of 2nd period - Shot Blocked by Dion Phaneuf.
5:51 of 2nd period - Puck is out of play.
5:52 of 2nd period - Steven Stamkos wins face-off versus Scott Hartnell in Penguins zone.
6:03 of 2nd period - Snap shot by John Tavares.
6:03 of 2nd period - Shot Blocked by Sean Zimmerman.
6:05 of 2nd period - Snap shot by John Tavares.
6:05 of 2nd period - Goal by John Tavares - Penguins : 0 - Stars : 2.
6:06 of 2nd period - Steven Stamkos wins face-off versus John Tavares in neutral zone.
6:38 of 2nd period - Off-side.
6:39 of 2nd period - Tyler Seguin wins face-off versus Sam Gagner in neutral zone.
6:52 of 2nd period - Snap shot by Evgeny Artyukhin.
6:52 of 2nd period - Shot Blocked by Duncan Keith.
6:54 of 2nd period - Snap shot by Evgeny Artyukhin.
6:54 of 2nd period - Deflect By Duncan Keith.
6:54 of 2nd period - Shot Misses the Net.
6:54 of 2nd period - Puck is out of play.
6:55 of 2nd period - John Tavares wins face-off versus Steven Stamkos in Penguins zone.
7:08 of 2nd period - Snap shot by Steven Stamkos.
7:08 of 2nd period - Stopped by Pascal Leclaire with a rebound.
7:27 of 2nd period - Snap shot by Evgeny Artyukhin.
7:27 of 2nd period - Deflect By Jussi Jokinen.
7:27 of 2nd period - Shot Misses the Net.
7:27 of 2nd period - Puck is out of play.
7:28 of 2nd period - Tyler Seguin wins face-off versus Sam Gagner in Penguins zone.
7:39 of 2nd period - Slapshot by Max Pacioretty.
7:39 of 2nd period - Shot Blocked by Tyler Seguin.
7:43 of 2nd period - Slapshot by Sam Gagner.
7:43 of 2nd period - Shot Misses the Net.
8:18 of 2nd period - Radim Vrbata is hit by Andrei Markov and loses puck.
8:35 of 2nd period - Icing by Eric Gryba.
8:36 of 2nd period - Riley Armstrong wins face-off versus Michal Handzus in Penguins zone.
8:41 of 2nd period - Snap shot by Riley Armstrong.
8:41 of 2nd period - Stopped by Pascal Leclaire with a rebound.
8:57 of 2nd period - Minor Penalty to Riley Armstrong for Roughing.
8:58 of 2nd period - Andrew Cogliano wins face-off versus John Tavares in Penguins zone.
9:03 of 2nd period - Slapshot by John Tavares.
9:03 of 2nd period - Stopped by Brian Elliott without a rebound.
9:04 of 2nd period - Andrew Cogliano wins face-off versus John Tavares in Penguins zone.
10:57 of 2nd period - Penalty to Riley Armstrong is over, Riley Armstrong is back on ice.
11:14 of 2nd period - Slapshot by Matt Cooke.
11:14 of 2nd period - Stopped by Brian Elliott without a rebound.
11:15 of 2nd period - Steve Downie wins face-off versus Evgeny Grachev in Penguins zone.
11:45 of 2nd period - Backhand shot by Dion Phaneuf.
11:45 of 2nd period - Shot Blocked by Matt Cooke.
12:17 of 2nd period - Brian Lee is hit by Keith Aulie.
12:23 of 2nd period - Snap shot by Jussi Jokinen.
12:23 of 2nd period - Stopped by Brian Elliott without a rebound.
12:24 of 2nd period - Sam Gagner wins face-off versus John Tavares in Penguins zone.
12:24 of 2nd period - Sam Gagner is hit by Trevor Daley.
12:29 of 2nd period - Off-side.
12:30 of 2nd period - John Tavares wins face-off versus Steven Stamkos in neutral zone.
13:16 of 2nd period - Off-side.
13:17 of 2nd period - Evgeny Grachev wins face-off versus Dominic Moore in neutral zone.
13:28 of 2nd period - Slapshot by Evgeny Grachev.
13:28 of 2nd period - Stopped by Brian Elliott with a rebound.
14:12 of 2nd period - Snap shot by Steve Downie.
14:12 of 2nd period - Shot Blocked by Brian Lee.
14:14 of 2nd period - Snap shot by Sam Gagner.
14:14 of 2nd period - Stopped by Pascal Leclaire without a rebound.
14:15 of 2nd period - John Tavares wins face-off versus Dominic Moore in Stars zone.
14:50 of 2nd period - Snap shot by Steven Stamkos.
14:50 of 2nd period - Shot Misses the Net.
14:52 of 2nd period - Wrist shot by Steven Stamkos.
14:52 of 2nd period - Shot Misses the Net.
14:54 of 2nd period - Slapshot by Keith Aulie.
14:54 of 2nd period - Stopped by Pascal Leclaire with a rebound.
15:04 of 2nd period - Steve Downie is hit by Daniel Cleary and loses puck.
15:33 of 2nd period - Slapshot by Evgeny Grachev.
15:33 of 2nd period - Stopped by Brian Elliott without a rebound.
15:34 of 2nd period - Steven Stamkos wins face-off versus John Tavares in Penguins zone.
15:51 of 2nd period - Wrist shot by John Tavares.
15:51 of 2nd period - Stopped by Brian Elliott without a rebound.
15:52 of 2nd period - Sam Gagner wins face-off versus Tyler Seguin in Penguins zone.
15:52 of 2nd period - Sam Gagner is hit by Jussi Jokinen.
16:07 of 2nd period - Minor Penalty to Max Pacioretty for Charging.
16:08 of 2nd period - Andrew Cogliano wins face-off versus John Tavares in Penguins zone.
16:08 of 2nd period - Andrew Cogliano is hit by Michael Frolik.
16:22 of 2nd period - Wrist shot by John Tavares.
16:22 of 2nd period - Shot Misses the Net.
17:08 of 2nd period - Duncan Keith is hit by Tyler Seguin and loses puck.
18:07 of 2nd period - Penalty to Max Pacioretty is over, Max Pacioretty is back on ice.
18:11 of 2nd period - Evgeny Artyukhin is hit by Max Pacioretty and loses puck.
19:33 of 2nd period - Off-side.
19:34 of 2nd period - Michal Handzus wins face-off versus Dominic Moore in neutral zone.
Goals for this period are 0 for Penguins vs 2 for Stars.
Shots for this period are 6 for Penguins vs 9 for Stars.

3rd period


0:01 of 3rd period - Steven Stamkos wins face-off versus John Tavares in neutral zone.
0:12 of 3rd period - Wrist shot by Michael Frolik.
0:12 of 3rd period - Stopped by Brian Elliott without a rebound.
0:13 of 3rd period - Steven Stamkos wins face-off versus John Tavares in Penguins zone.
0:28 of 3rd period - Snap shot by John Tavares.
0:28 of 3rd period - Stopped by Brian Elliott with a rebound.
0:30 of 3rd period - Wrist shot by John Tavares.
0:30 of 3rd period - Stopped by Brian Elliott with a rebound.
0:54 of 3rd period - Tyler Seguin is hit by Sam Gagner and loses puck.
1:07 of 3rd period - Snap shot by Dustin Penner.
1:07 of 3rd period - Stopped by Brian Elliott with a rebound.
1:11 of 3rd period - Wrist shot by Dustin Penner.
1:11 of 3rd period - Stopped by Brian Elliott with a rebound.
1:35 of 3rd period - Slapshot by Dion Phaneuf.
1:35 of 3rd period - Shot Blocked by John Tavares.
1:57 of 3rd period - Snap shot by Ryan Callahan.
1:57 of 3rd period - Shot Blocked by Michal Handzus.
2:01 of 3rd period - Snap shot by Riley Armstrong.
2:01 of 3rd period - Stopped by Pascal Leclaire without a rebound.
2:02 of 3rd period - Tyler Seguin wins face-off versus Steven Stamkos in Stars zone.
2:09 of 3rd period - Snap shot by Steven Stamkos.
2:09 of 3rd period - Stopped by Pascal Leclaire with a rebound.
2:54 of 3rd period - Wrist shot by Daniel Cleary.
2:54 of 3rd period - Shot Misses the Net.
2:56 of 3rd period - Slapshot by Matt Cooke.
2:56 of 3rd period - Stopped by Brian Elliott with a rebound.
2:58 of 3rd period - Slapshot by Andrei Markov.
2:58 of 3rd period - Stopped by Brian Elliott with a rebound.
3:00 of 3rd period - Snap shot by Daniel Cleary.
3:00 of 3rd period - Stopped by Brian Elliott with a rebound.
3:02 of 3rd period - Slapshot by Trevor Daley.
3:02 of 3rd period - Stopped by Brian Elliott without a rebound.
3:03 of 3rd period - Steven Stamkos wins face-off versus John Tavares in Penguins zone.
3:05 of 3rd period - Icing by Paul Ranger.
3:06 of 3rd period - John Tavares wins face-off versus Steven Stamkos in Penguins zone.
3:09 of 3rd period - Snap shot by Michael Frolik.
3:09 of 3rd period - Stopped by Brian Elliott with a rebound.
3:11 of 3rd period - Wrist shot by Michael Frolik.
3:11 of 3rd period - Shot Blocked by Bobby Ryan.
3:13 of 3rd period - Wrist shot by Michael Frolik.
3:13 of 3rd period - Shot Blocked by Steven Stamkos.
3:54 of 3rd period - Trevor Daley is hit by Dominic Moore and loses puck.
4:15 of 3rd period - Evgeny Grachev is hit by Sean Zimmerman and loses puck.
5:08 of 3rd period - Snap shot by Steve Downie.
5:08 of 3rd period - Shot Misses the Net.
5:10 of 3rd period - Snap shot by Sam Gagner.
5:10 of 3rd period - Shot Misses the Net.
5:12 of 3rd period - Snap shot by Max Pacioretty.
5:12 of 3rd period - Stopped by Pascal Leclaire without a rebound.
5:13 of 3rd period - Dominic Moore wins face-off versus Tyler Seguin in Stars zone.
6:02 of 3rd period - Snap shot by Sam Gagner.
6:02 of 3rd period - Shot Misses the Net.
6:12 of 3rd period - Matt Cooke is hit by Steve Downie and loses puck.
6:55 of 3rd period - Trevor Daley is hit by Dion Phaneuf and loses puck.
7:15 of 3rd period - Snap shot by Tyler Seguin.
7:15 of 3rd period - Stopped by Brian Elliott without a rebound.
7:16 of 3rd period - Evgeny Grachev wins face-off versus Sam Gagner in Penguins zone.
7:44 of 3rd period - Off-side.
7:45 of 3rd period - John Tavares wins face-off versus Steven Stamkos in neutral zone.
7:58 of 3rd period - Wrist shot by John Tavares.
7:58 of 3rd period - Stopped by Brian Elliott without a rebound.
7:59 of 3rd period - John Tavares wins face-off versus Steven Stamkos in Penguins zone.
8:26 of 3rd period - Evgeny Artyukhin is hit by Max Pacioretty and loses puck.
9:56 of 3rd period - Wrist shot by Jussi Jokinen.
9:56 of 3rd period - Shot Blocked by Keith Aulie.
10:03 of 3rd period - Minor Penalty to Keith Aulie for Tripping.
10:04 of 3rd period - John Tavares wins face-off versus Andrew Cogliano in Penguins zone.
12:03 of 3rd period - Penalty to Keith Aulie is over, Keith Aulie is back on ice.
12:19 of 3rd period - Snap shot by Steve Downie.
12:19 of 3rd period - Stopped by Pascal Leclaire without a rebound.
12:20 of 3rd period - Sam Gagner wins face-off versus Michal Handzus in Stars zone.
12:27 of 3rd period - Snap shot by Max Pacioretty.
12:27 of 3rd period - Stopped by Pascal Leclaire with a rebound.
12:46 of 3rd period - Trevor Daley is hit by Patrick Marleau and loses puck.
13:19 of 3rd period - Evgeny Grachev is hit by Bobby Ryan and loses puck.
13:45 of 3rd period - Icing by Patrick Eaves.
13:46 of 3rd period - Sam Gagner wins face-off versus Evgeny Grachev in Stars zone.
13:47 of 3rd period - Snap shot by Steve Downie.
13:47 of 3rd period - Shot Misses the Net.
13:49 of 3rd period - Snap shot by Sam Gagner.
13:49 of 3rd period - Stopped by Pascal Leclaire with a rebound.
13:51 of 3rd period - Slapshot by Max Pacioretty.
13:51 of 3rd period - Shot Misses the Net.
14:27 of 3rd period - Patrick Marleau is hit by Michael Frolik and loses puck.
14:46 of 3rd period - Sean Zimmerman is hit by Johnny Oduya and loses puck.
15:11 of 3rd period - Wrist shot by Patrick Marleau.
15:11 of 3rd period - Shot Misses the Net.
15:13 of 3rd period - Snap shot by Radim Vrbata.
15:13 of 3rd period - Stopped by Pascal Leclaire with a rebound.
15:15 of 3rd period - Snap shot by Dion Phaneuf.
15:15 of 3rd period - Shot Blocked by Johnny Oduya.
15:17 of 3rd period - Wrist shot by Patrick Marleau.
15:17 of 3rd period - Deflect By Radim Vrbata.
15:17 of 3rd period - Shot Blocked by Johnny Oduya.
15:17 of 3rd period - Puck is out of play.
15:18 of 3rd period - Steven Stamkos wins face-off versus Michal Handzus in Stars zone.
15:19 of 3rd period - Snap shot by Andrew Cogliano.
15:19 of 3rd period - Deflect By Drew Fata.
15:19 of 3rd period - Shot Hit the Post.
15:19 of 3rd period - Puck is out of play.
15:20 of 3rd period - Steven Stamkos wins face-off versus Matt Cooke in Stars zone.
15:21 of 3rd period - Wrist shot by Bobby Ryan.
15:21 of 3rd period - Shot Misses the Net.
15:23 of 3rd period - Snap shot by Andrew Cogliano.
15:23 of 3rd period - Penguins goal is going for a video replay.
15:23 of 3rd period - The goal is good.
15:23 of 3rd period - Goal by Andrew Cogliano - Penguins : 1 - Stars : 2.
15:24 of 3rd period - Andrew Cogliano wins face-off versus Michal Handzus in neutral zone.
15:48 of 3rd period - Minor Penalty to John Tavares for Hooking.
15:49 of 3rd period - Michal Handzus wins face-off versus Steven Stamkos in Stars zone.
17:25 of 3rd period - Sean Zimmerman is hit by Evgeny Artyukhin and loses puck.
17:48 of 3rd period - Penalty to John Tavares is over, John Tavares is back on ice.
17:54 of 3rd period - Snap shot by Radim Vrbata.
17:54 of 3rd period - Stopped by Pascal Leclaire without a rebound.
17:55 of 3rd period - Tyler Seguin wins face-off versus Dominic Moore in Stars zone.
18:14 of 3rd period - D.J King is hit by John Tavares and loses puck.
18:18 of 3rd period - Paul Ranger is hit by Brian Lee.
18:46 of 3rd period - Penguins, Brian Elliott is pulled from the net.
19:15 of 3rd period - Wrist shot by Michal Handzus.
19:15 of 3rd period - Goal by Michal Handzus - Penguins : 1 - Stars : 3.
19:15 of 3rd period - Brian Elliott from Penguins was sent back in the game.
19:16 of 3rd period - Michal Handzus wins face-off versus Dominic Moore in neutral zone.
19:22 of 3rd period - Icing by Patrick Marleau.
19:23 of 3rd period - Dominic Moore wins face-off versus Michal Handzus in Penguins zone.
19:32 of 3rd period - Snap shot by Michal Handzus.
19:32 of 3rd period - Stopped by Brian Elliott with a rebound.
19:44 of 3rd period - Minor Penalty to Duncan Keith for Tripping.
19:45 of 3rd period - John Tavares wins face-off versus Radim Vrbata in Penguins zone.
19:48 of 3rd period - Wrist shot by Michael Frolik.
19:48 of 3rd period - Deflect By Jussi Jokinen.
19:48 of 3rd period - Shot Blocked by Sean Zimmerman.
19:48 of 3rd period - Puck is out of play.
19:49 of 3rd period - John Tavares wins face-off versus Andrew Cogliano in Penguins zone.
Goals for this period are 1 for Penguins vs 1 for Stars.
Shots for this period are 9 for Penguins vs 14 for Stars.